 Dungeon Crawl Stone Soup version 0.23-a0-290-g290e36d (webtiles) character file.

32 RoseArtemis the Sneak (level 3, -2/21 HPs)
             Began as a Halfling Enchanter on Oct 3, 2018.
             Was an Initiate of Dithmenos.
             Slain by a leopard gecko (5 damage)
             ... on level 1 of the Dungeon.
             The game lasted 00:07:08 (1665 turns).

RoseArtemis the Sneak (Halfling Enchanter)          Turns: 1665, Time: 00:07:09

Health: -2/21      AC:  2    Str:  9    XL:     3   Next: 42%
Magic:  1/5        EV: 15    Int: 13    God:    Dithmenos [......]
Gold:   21         SH:  0    Dex: 15    Spells: 2/5 levels left

rFire    . . .     SeeInvis .   a - +1 dagger
rCold    . . .     Gourm    .   (shield restricted)
rNeg     . . .     Faith    .   b - +0 robe
rPois    .         Spirit   .   (no helmet)
rElec    .         Reflect  .   (no cloak)
rCorr    .         Harm     .   (no gloves)
MR       .....                  (no boots)
Stlth    +++.......             (no amulet)
HPRegen  0.07/turn              (no ring)
MPRegen  0.09/turn              (no ring)

@: lethally poisoned (-2 -> -4), starving
A: small, mutation resistance 1
a: Renounce Religion


You were on level 1 of the Dungeon.
You worshipped Dithmenos.
Dithmenos was noncommittal.
You were starving.

You visited 1 branch of the dungeon, and saw 2 of its levels.

You collected 21 gold pieces.

Inventory:

Hand Weapons
 a - a +1 dagger (weapon)
Armour
 b - a +0 robe (worn)
 e - a +1 buckler of reflection
Jewellery
 g - an uncursed amulet of rage {unknown}
 h - a cursed ring of teleportation {unknown}
Scrolls
 c - a scroll of identify {unknown}
 f - a scroll of random uselessness {unknown}
 k - a scroll of enchant weapon {unknown}
 l - a scroll of teleportation {unknown}
Potions
 i - a potion of heal wounds {unknown}
 j - a potion of brilliance {unknown}
 m - a potion of resistance {unknown}
Comestibles
 d - 4 rations


   Skills:
 * Level 2.5 Short Blades
 + Level 2.6 Dodging
 + Level 3.6 Stealth
 - Level 1.5 Spellcasting
 + Level 2.6 Hexes


You had 2 spell levels left.
You knew the following spells:

 Your Spells              Type           Power        Failure   Level  Hunger
a - Ensorcelled Hibernat  Hex/Ice        #.....       24%         2    ###....
b - Corona                Hex            #......      9%          1    ##.....

Your spell library contained the following spells:

 Spells                   Type           Power        Failure   Level  Hunger
 Confuse                  Hex            #.......     26%         3    ####...
 Tukima's Dance           Hex            #.......     26%         3    ####...
 Dazzling Spray           Conj/Hex       #.....       43%         3    ####...


Dungeon Overview and Level Annotations

Branches:
Dungeon (2/15)

Altars:
Dithmenos
Ru
Wu Jian


Innate Abilities, Weirdness & Mutations

You are small and have problems with some larger weapons.
You are somewhat resistant to further mutation.


Message History

The adder resists with some effort.
You are starving!
The adder closely misses you. The leopard gecko barely misses you.
You barely miss the adder. The adder completely misses you.
The leopard gecko barely misses you.
You closely miss the adder. The adder misses you.
The leopard gecko closely misses you. The adder closely misses you.
You hit the adder but do no damage.
You feel sick. The leopard gecko closely misses you.
The adder barely misses you.
You hit the adder but do no damage. The leopard gecko misses you.
The adder misses you.
You miss the adder. The leopard gecko misses you. The adder closely misses you.
You miss the adder.
The leopard gecko completely misses you.
The adder bites you.
* * * LOW HITPOINT WARNING * * *
You don't have the energy to cast that spell.
You barely miss the adder.
You feel sick.
The leopard gecko stops glowing.
The adder misses you. The leopard gecko bites you.
You die...

###..#.#.#...#.#....#...#...#
....................#...#...#####
.##..............................
.##..#.#.#.....#....#...#........
.................................
.............................(.##
.##..###................#...#.###
.##.........(...l................
.............#..@.....#.#...#.###
................S..####.#...#.#
...........#.#.##### #.#...#.###
########.#.#.#.# #.#...#....
#.#.#.#.# #.#...#.### #.#.#.#.#
#.#...#....
########.#.#.#.########.#........
.................................
########.#.###.########.###.#.###


You could see an adder and a leopard gecko.

Vanquished Creatures
  An adder (D:2)
  2 dart slugs (D:1)
  A goblin (D:1)
  2 hobgoblins (D:1)
  6 jackals
  3 frilled lizards (D:1)
  2 kobolds (D:1)
17 creatures vanquished.

Vanquished Creatures (others)
  4 toadstools (D:1)
4 creatures vanquished.

Grand Total: 21 creatures vanquished

Notes
Turn   | Place    | Note
-------+----------+-------------------------------------------
     0 | D:1      | RoseArtemis the Halfling Enchanter began the quest for the
                  | Orb.
     0 | D:1      | Reached XP level 1. HP: 11/11 MP: 3/3
   465 | D:1      | Reached XP level 2. HP: 13/17 MP: 2/4
  1338 | D:1      | Learned a level 2 spell: Ensorcelled Hibernation
  1430 | D:2      | Found an ornate altar of the Wu Jian Council.
  1432 | D:2      | Found a sacrificial altar of Ru.
  1434 | D:2      | Reached XP level 3. HP: 21/21 MP: 5/5
  1441 | D:2      | Found a shadowy altar of Dithmenos.
  1465 | D:2      | Became a worshipper of Dithmenos the Shadowed
  1665 | D:1      | Slain by a leopard gecko

Vault maps used:
D:1:      ldierk_walled_garden_2
D:2:      grunt_temple_overflow_open, first_ration, st_stairs_8

Skill      XL: |  1  2 |
---------------+-------+-----
Short Blades   | 2 |  2.5
Dodging        | |  2.6
Stealth        | |  3.6
Spellcasting   | |  1.5
Hexes          | |  2.6

Action                   || total
-------------------------++-------
Melee: Dagger            ||    85
 Cast: Corona            ||    13
       Ensorcelled Hiber ||     5
 Stab: Sleeping          ||     5
  Eat: Chunk             ||     1
Armor: Robe              ||     9
Dodge: Dodged            ||    81

Table legend:
 A = Non-vault XP
 B = Vault XP
 C = Vault XP percentage of total XP
 D = Non-vault monster count
 E = Vault monster count
 F = Vault count percentage of total count
                 A         B        C        D         E       F
            +---------+---------+-------+---------+---------+-------
      Total |      46 |       0 |   0.0 |      17 |       0 |   0.0
            +---------+---------+-------+---------+---------+-------
        D:1 |      26 |       0 |   0.0 |      13 |       0 |   0.0
        D:2 |      20 |       0 |   0.0 |       4 |       0 |   0.0
            +---------+---------+-------+---------+---------+-------
